[Event "Titled Tuesday Blitz August 1 Early 2023"]
[White "Weetik, Vjacheslav"]
[Black "Harriott, Tyrell"]
[WhiteFideId "4153472"]
[BlackFideId "2086484"]
[WhiteElo "2736"]
[BlackElo "2416"]
[Result "1-0"]
[Round "1"]
[TimeControl "180+1"]
[Date "2023.08.01"]
[WhiteClock "0:00:13"]
[BlackClock "0:00:13"]
[Board "90"]

1. d4 e6 2. c4 d5 3. Nc3 f5 4. Bf4 Ne7 5. e3 Ng6 6. g3 Be7 7. Nf3 O-O 8. h4 Nh8 9. Qb3 c6 10. Rc1 Nf7 11. Bg2 Nd7 12. a3 Nf6 13. Ne5 Ne4 14. cxd5 exd5 15. Nxe4 fxe4 16. Nxf7 Rxf7 17. O-O h6 18. f3 exf3 19. Bxf3 g5 20. hxg5 hxg5 21. Be5 Bh3 22. Qxb7 Bxf1 23. Rxf1 Bd6 24. Bxd5 Bxe5 25. Qxf7+ Kh8 26. Qh5+ Kg7 27. Rf7+ 1-0


[Site "https://www.chess.com"]

[Event "Titled Tuesday Blitz August 1 Early 2023"]
[White "EsmeraldasAnderson03"]
[Black "Djordjevic, Vuk"]
[BlackFideId "902098"]
[WhiteElo "2415"]
[BlackElo "2735"]
[Result "0-1"]
[Round "1"]
[TimeControl "180+1"]
[Date "2023.08.01"]
[WhiteClock "0:00:00"]
[BlackClock "0:00:02"]
[Board "91"]

1. d4 Nf6 2. Nf3 e6 3. Bg5 d5 4. c4 Be7 5. cxd5 exd5 6. Nc3 O-O 7. Qc2 b6 8. e3 Bb7 9. Bd3 Nbd7 10. O-O h6 11. Bh4 Rc8 12. Rac1 Ne4 13. Nxe4 Bxh4 14. Nxh4 Qxh4 15. Ng3 Qe7 16. Qa4 a6 17. Nf5 Qe6 18. Qa3 c5 19. dxc5 bxc5 20. Ng3 g6 21. h3 c4 22. Bb1 f5 23. Ne2 Nc5 24. Rfd1 Rfd8 25. b3 Ne4 26. Qb4 Ba8 27. Bxe4 fxe4 28. bxc4 dxc4 29. Rxd8+ Rxd8 30. Qxc4 Rd1+ 31. Kh2 Bd5 32. Qc8+ Qxc8 33. Rxc8+ Kf7 34. a3 Rd2 35. Nf4 Bb3 36. Kg3 g5 37. Rc7+ Kf6 38. Rc6+ Kf5 39. Nh5 Bf7 40. Ng7+ Ke5 41. Rxa6 h5 42. h4 gxh4+ 43. Kxh4 Rxf2 44. Kg3 Re2 45. Ra5+ Kf6 46. Nf5 Bg6 47. Nd4 Rxe3+ 48. Kf4 Rd3 49. Ra6+ Kf7 50. Nf5 Bxf5 51. Kxf5 e3 52. Kf4 e2 53. Ra7+ Ke6 54. Ra6+ Rd6 55. Ra8 Ke7 0-1


[Site "https://www.chess.com"]

[Event "Titled Tuesday Blitz August 1 Early 2023"]
[White "Ning, Kaiyu"]
[Black "Kuznetsov, Mikhail"]
[WhiteFideId "8614750"]
[BlackFideId "4117190"]
[WhiteElo "2730"]
[BlackElo "2414"]
[Result "0-1"]
[Round "1"]
[TimeControl "180+1"]
[Date "2023.08.01"]
[WhiteClock "0:00:11"]
[BlackClock "0:00:03"]
[Board "92"]

1. e4 c6 2. d4 d5 3. e5 Bf5 4. h4 h5 5. Bd3 Bxd3 6. Qxd3 e6 7. Nf3 c5 8. dxc5 Bxc5 9. Qb5+ Nd7 10. Qxb7 Ne7 11. O-O O-O 12. Qa6 Qc7 13. Qe2 Nc6 14. Re1 Nd4 15. Nxd4 Bxd4 16. c3 Bxe5 17. Qxh5 Rab8 18. Nd2 Bxc3 19. Rb1 Nf6 20. Qd1 Ba5 21. Re2 Rfc8 22. Nf1 Ne4 23. Be3 Bb6 24. Rc1 Qd6 25. Rxc8+ Rxc8 26. Bxb6 Qxb6 27. Rc2 Rxc2 28. Qxc2 g6 29. g3 Kg7 30. Kg2 Qb7 31. f3 Nd6 32. Qc3+ f6 33. b3 e5 34. Qc5 Nf5 35. Kf2 d4 36. Nd2 Qa6 37. Qc7+ Kh6 38. Qd8 Kg7 39. a4 Qd3 40. Ne4 Qe3+ 41. Kg2 Qe2+ 42. Kg1 Qe1+ 43. Kg2 Ne3+ 44. Kh2 Qe2+ 45. Kh3 Qg2# 0-1


[Site "https://www.chess.com"]

[Event "Titled Tuesday Blitz August 1 Early 2023"]
[White "Pinto, Daniel"]
[Black "Preotu, Razvan"]
[WhiteFideId "3303144"]
[BlackFideId "2613280"]
[WhiteElo "2414"]
[BlackElo "2728"]
[Result "0-1"]
[Round "1"]
[TimeControl "180+1"]
[Date "2023.08.01"]
[WhiteClock "0:00:00"]
[BlackClock "0:00:05"]
[Board "93"]

1. e4 c5 2. Nf3 d6 3. c3 Nf6 4. Be2 g6 5. O-O Bg7 6. Bb5+ Nc6 7. d4 O-O 8. Bxc6 bxc6 9. dxc5 Nxe4 10. cxd6 exd6 11. Re1 d5 12. Nbd2 Ba6 13. Qa4 Nc5 14. Qc2 Nd3 15. Rd1 Qb6 16. Nb3 Nxc1 17. Raxc1 Rab8 18. Rb1 Bc8 19. Qd2 Bf5 20. Rbc1 a5 21. Nbd4 Bg4 22. b3 c5 23. Ne2 Bxf3 24. gxf3 Rbd8 25. Qf4 Rfe8 26. Rc2 Qe6 27. Rcd2 h5 28. Qg5 Kh7 29. Nf4 Qc6 30. Nxd5 Rd6 31. f4 Rde6 32. c4 Bh6 33. Qg3 Re1+ 34. Kg2 R1e4 35. Qf3 Qc8 36. Rd3 Kg7 37. Re3 Qf5 38. Rxe4 Rxe4 39. Qc3+ f6 40. Qg3 Bxf4 41. Nxf4 Rxf4 42. Rd7+ Kh6 43. Qe3 h4 44. Rd5 Qg4+ 45. Kf1 g5 46. Ke1 Re4 0-1


[Site "https://www.chess.com"]

[Event "Titled Tuesday Blitz August 1 Early 2023"]
[White "Idani, Pouya"]
[Black "Krzywda, Andrzej"]
[WhiteFideId "12510130"]
[BlackFideId "1114565"]
[WhiteElo "2728"]
[BlackElo "2413"]
[Result "1-0"]
[Round "1"]
[TimeControl "180+1"]
[Date "2023.08.01"]
[WhiteClock "0:01:11"]
[BlackClock "0:00:00"]
[Board "94"]

1. e4 e5 2. Nf3 Nf6 3. Nxe5 d6 4. Nf3 Nxe4 5. Qe2 Qe7 6. d3 Nf6 7. Bg5 Qxe2+ 8. Bxe2 Be7 9. Nc3 c6 10. O-O-O O-O 11. h3 Na6 12. Ne4 Nxe4 13. dxe4 Bxg5+ 14. Nxg5 Nc5 15. b4 Ne6 16. Nxe6 Bxe6 17. Rxd6 Bxa2 18. c4 b5 19. c5 Rfc8 20. Kb2 Be6 21. Ra1 a6 22. f4 g6 23. g4 Rc7 24. Kc3 Kf8 25. Bf3 Ke7 26. f5 Bd7 27. f6+ Ke8 28. e5 h6 29. h4 Kd8 30. g5 h5 31. e6 fxe6 32. Be4 Ke8 33. Bxg6+ Kf8 34. Bxh5 e5 35. g6 Bf5 36. g7+ Kg8 37. Rg1 a5 38. bxa5 1-0


[Site "https://www.chess.com"]

[Event "Titled Tuesday Blitz August 1 Early 2023"]
[White "Silva Lucena, Cristian"]
[Black "Amilal Munkhdalai"]
[WhiteFideId "2232588"]
[BlackFideId "4903250"]
[WhiteElo "2411"]
[BlackElo "2727"]
[Result "0-1"]
[Round "1"]
[TimeControl "180+1"]
[Date "2023.08.01"]
[WhiteClock "0:00:44"]
[BlackClock "0:00:37"]
[Board "95"]

1. e4 c5 2. Nf3 Nc6 3. d4 cxd4 4. Nxd4 Qc7 5. Nc3 e6 6. g3 Nf6 7. Bg2 a6 8. O-O Nxd4 9. Qxd4 Bc5 10. Bf4 d6 11. Qd2 h6 12. Rad1 e5 13. Be3 Bxe3 14. Qxe3 O-O 15. Nd5 Nxd5 16. exd5 Bf5 17. Rc1 b5 18. c3 Rac8 19. a3 Bh7 20. Bh3 f5 21. f4 Rce8 22. fxe5 Rxe5 23. Qd2 Qc5+ 24. Qf2 Rxd5 25. Bg2 Rd2 26. Qxc5 dxc5 27. Rf2 Rfd8 28. Re1 Kf7 29. Bb7 a5 30. Bc6 b4 31. axb4 axb4 32. cxb4 cxb4 33. Bb5 Rxf2 34. Kxf2 Rd2+ 35. Re2 Rxe2+ 36. Kxe2 Ke6 37. Ke3 Ke5 38. Bc4 g5 39. Bb3 f4+ 40. gxf4+ gxf4+ 41. Kf2 Be4 42. Bc4 Kd4 43. Be2 Bd5 44. h4 Be4 45. Bf1 b3 46. Be2 Bd3 47. Bd1 Bc2 48. Be2 Ke4 49. Bc4 Kd4 50. Be2 Be4 51. Bd1 Bd5 52. Be2 f3 53. Bf1 Bc4 54. Bh3 Ke4 55. Bg4 Kd3 56. Bf5+ Kd2 57. Kxf3 Kc1 58. Ke3 Kxb2 59. Kd2 Bf7 60. Be4 Ka3 61. Kc3 b2 62. Bb1 Ba2 63. Kc2 Bxb1+ 64. Kxb1 h5 65. Kc2 Ka2 0-1


[Site "https://www.chess.com"]

[Event "Titled Tuesday Blitz August 1 Early 2023"]
[White "Yanchenko, Roman"]
[Black "Dobre, Claudiu-Cristian"]
[WhiteFideId "4137329"]
[BlackFideId "1211854"]
[WhiteElo "2726"]
[BlackElo "2410"]
[Result "1-0"]
[Round "1"]
[TimeControl "180+1"]
[Date "2023.08.01"]
[WhiteClock "0:01:51"]
[BlackClock "0:00:00"]
[Board "96"]

1. d4 d5 2. Nf3 Nf6 3. c4 c6 4. Nc3 e6 5. Bg5 Nbd7 6. e3 Qa5 7. Bxf6 Nxf6 8. Rc1 Ne4 9. Qb3 Nxc3 10. bxc3 Ba3 11. Rb1 O-O 12. c5 b6 13. Ne5 bxc5 14. Nxc6 Qb6 15. Bb5 a6 16. Qxa3 Bb7 17. Ne7+ Kh8 18. Bd3 Qc7 19. Qxc5 Qxc5 20. dxc5 Ra7 21. Rb6 Ba8 22. Nc6 Rc7 23. Ne5 1-0


[Site "https://www.chess.com"]

[Event "Titled Tuesday Blitz August 1 Early 2023"]
[White "Federzoni, Enzo"]
[Black "Dimitrov, Atanas"]
[WhiteFideId "2173301"]
[BlackFideId "2901315"]
[WhiteElo "2407"]
[BlackElo "2725"]
[Result "0-1"]
[Round "1"]
[TimeControl "180+1"]
[Date "2023.08.01"]
[WhiteClock "0:00:27"]
[BlackClock "0:00:50"]
[Board "97"]

1. e4 c5 2. Nf3 d6 3. d4 cxd4 4. Nxd4 Nf6 5. Nc3 Nc6 6. Be3 Ng4 7. Nxc6 bxc6 8. Bc1 g6 9. Be2 Nf6 10. Bf3 Qc7 11. Bf4 Bg7 12. Qe2 Nd7 13. O-O O-O 14. g3 a5 15. Rfd1 Ba6 16. Qe3 Ne5 17. Bg2 Nc4 18. Qc1 Rab8 19. Bh6 Nxb2 20. Bxg7 Kxg7 21. Re1 Nc4 22. Rb1 Rxb1 23. Qxb1 Rb8 24. Qa1 Kg8 25. Bf1 Qa7 26. a4 Ne5 27. Bg2 Qc5 28. Rb1 Rxb1+ 29. Nxb1 Qxc2 30. Na3 Qxa4 31. Qc3 Qd1+ 32. Bf1 Qxf1# 0-1


[Site "https://www.chess.com"]

[Event "Titled Tuesday Blitz August 1 Early 2023"]
[White "Suyarov, Mukhammadzokhid"]
[Black "Ladan, Nicholas"]
[WhiteFideId "14210495"]
[BlackFideId "30918855"]
[WhiteElo "2724"]
[BlackElo "2406"]
[Result "1-0"]
[Round "1"]
[TimeControl "180+1"]
[Date "2023.08.01"]
[WhiteClock "0:01:32"]
[BlackClock "0:00:47"]
[Board "98"]

1. d4 d5 2. Nc3 Nf6 3. Bf4 e6 4. Nb5 Na6 5. e3 Be7 6. Nf3 O-O 7. Be2 Ne4 8. O-O c6 9. Nc3 Nxc3 10. bxc3 Bd6 11. Bxa6 bxa6 12. Bxd6 Qxd6 13. Rb1 c5 14. Qc1 Bd7 15. Qa3 Bb5 16. dxc5 Qe7 17. Rfe1 Rfc8 18. e4 Qxc5 19. Qxc5 Rxc5 20. exd5 Rxd5 21. Ne5 Rc5 22. Rb3 h6 23. Nd3 Rc4 24. Nb2 Rc7 25. a4 Bc4 26. Rb4 Bd5 27. c4 Bc6 28. h4 Rd8 29. Rd1 Rxd1+ 30. Nxd1 Kf8 31. Nb2 Ke7 32. a5 Kd6 33. Nd3 Rb7 34. c5+ Kd5 35. Rg4 f5 36. c4# 1-0


[Site "https://www.chess.com"]

[Event "Titled Tuesday Blitz August 1 Early 2023"]
[White "Papp, Petra"]
[Black "Lee, Jun Hyeok"]
[WhiteFideId "739049"]
[BlackFideId "13202340"]
[WhiteElo "2405"]
[BlackElo "2724"]
[Result "1-0"]
[Round "1"]
[TimeControl "180+1"]
[Date "2023.08.01"]
[WhiteClock "0:00:47"]
[BlackClock "0:00:00"]
[Board "99"]

1. e4 c5 2. Nf3 d6 3. d4 cxd4 4. Nxd4 Nf6 5. Nc3 a6 6. Be3 e5 7. Nb3 Be7 8. f3 Be6 9. Qd2 h5 10. Nd5 Nxd5 11. exd5 Bf5 12. O-O-O Nd7 13. Bd3 Bxd3 14. Qxd3 Bg5 15. Kb1 Bxe3 16. Qxe3 O-O 17. g4 hxg4 18. fxg4 a5 19. a3 b5 20. g5 Nb6 21. Nd2 Nxd5 22. Qg3 Nf4 23. Ne4 d5 24. Nf6+ gxf6 25. gxf6+ Ng6 26. Qg5 Ra6 27. Rhf1 Re8 28. h4 Ree6 29. h5 Rxf6 30. hxg6 fxg6 31. Rh1 Qd6 32. Qh6 Kf7 33. Qh8 Ke6 34. Qe8+ Qe7 35. Qxb5 Rd6 36. Qxa5 e4 37. Rhe1 Rf5 38. c4 dxc4 39. Rxe4+ Kf6 40. Qc3+ Re5 41. Rf1+ Kg7 42. Rxe5 1-0


[Site "https://www.chess.com"]

[Event "Titled Tuesday Blitz August 1 Early 2023"]
[White "Panesar Vedant"]
[Black "Tsyhanchuk, Stanislav"]
[WhiteFideId "35033018"]
[BlackFideId "13505130"]
[WhiteElo "2722"]
[BlackElo "2404"]
[Result "0-1"]
[Round "1"]
[TimeControl "180+1"]
[Date "2023.08.01"]
[WhiteClock "0:00:01"]
[BlackClock "0:00:47"]
[Board "100"]

1. d4 Nf6 2. c4 e6 3. g3 d5 4. Bg2 Nc6 5. Nf3 dxc4 6. Qa4 Bb4+ 7. Bd2 Nd5 8. Bxb4 Nxb4 9. O-O Bd7 10. Na3 a6 11. e4 b5 12. Qd1 O-O 13. Nb1 Ne7 14. Nc3 Rc8 15. Qd2 c5 16. dxc5 Nd3 17. Rad1 Bc6 18. Qe3 b4 19. Nb1 Qa5 20. Nbd2 Nxb2 21. Rb1 c3 22. Nb3 Qc7 23. Nbd4 Ba8 24. Nb3 a5 25. Nfd4 a4 26. Nc1 Qxc5 27. Nce2 Nc4 28. Qf4 e5 29. Qh4 exd4 30. Nf4 Nd2 31. e5 Bxg2 32. Kxg2 Qc6+ 33. f3 Nxb1 34. Qxe7 Nd2 35. Rf2 c2 36. Nh5 c1=Q 37. Nf6+ gxf6 38. exf6 Nxf3 0-1


[Site "https://www.chess.com"]

[Event "Titled Tuesday Blitz August 1 Early 2023"]
[White "Bogaudinov, Rushan"]
[Black "nickVet"]
[WhiteFideId "4129288"]
[WhiteElo "2404"]
[BlackElo "2720"]
[Result "1-0"]
[Round "1"]
[TimeControl "180+1"]
[Date "2023.08.01"]
[WhiteClock "0:00:03"]
[BlackClock "0:00:10"]
[Board "101"]

1. d4 d5 2. Nf3 Nf6 3. g3 Bf5 4. Bg2 e6 5. O-O Be7 6. b3 O-O 7. Bb2 c5 8. e3 Nc6 9. Nbd2 Rc8 10. dxc5 Bxc5 11. Nd4 Nxd4 12. exd4 Bb4 13. c4 Bd3 14. Re1 dxc4 15. bxc4 Bxc4 16. Bxb7 Rb8 17. Bg2 Bd5 18. Re3 Bxg2 19. Kxg2 Qd5+ 20. Nf3 Rfd8 21. Rb3 a5 22. Ba3 g5 23. Bxb4 axb4 24. h3 h5 25. Kg1 g4 26. hxg4 hxg4 27. Ne5 Qe4 28. Qe1 Qxd4 29. Nc6 Qd5 30. Nxd8 Rxd8 31. Rxb4 Kg7 32. Qf1 Rh8 33. Qg2 Qd2 34. Rf4 e5 35. Rxf6 Kxf6 36. a4 Qe2 37. a5 e4 38. a6 e3 39. a7 Kg7 40. fxe3 Qxe3+ 41. Qf2 Rh1+ 42. Kxh1 Qxf2 43. a8=Q Qxg3 44. Qg2 Qh4+ 45. Kg1 Qh5 46. Rf1 f5 47. Qb2+ Kg6 48. Qe5 Qg5 49. Qf4 Qf6 50. Rd1 Qb6+ 51. Kf1 Qb5+ 52. Ke1 Qa5+ 53. Rd2 Qa1+ 54. Ke2 Qa6+ 55. Kf2 Qb6+ 56. Qd4 Qb7 57. Re2 Qf3+ 58. Ke1 Qh1+ 59. Kd2 g3 60. Qd6+ Kf7 61. Qxg3 Qd5+ 62. Qd3 Qa5+ 63. Kc2 Qa4+ 64. Qb3+ 1-0


[Site "https://www.chess.com"]

[Event "Titled Tuesday Blitz August 1 Early 2023"]
[White "Skvortsov, Andrei"]
[Black "Der_Balak_3Halak"]
[WhiteFideId "24108600"]
[WhiteElo "2718"]
[BlackElo "2403"]
[Result "1-0"]
[Round "1"]
[TimeControl "180+1"]
[Date "2023.08.01"]
[WhiteClock "0:00:55"]
[BlackClock "0:00:00"]
[Board "102"]

1. e4 e5 2. d4 exd4 3. Qxd4 Nc6 4. Qd3 d6 5. Nc3 Be6 6. Nf3 Nf6 7. Bg5 Be7 8. O-O-O O-O 9. h3 Nb4 10. Qe3 Bxa2 11. b3 Qc8 12. Kb2 a5 13. Nxa2 Nxa2 14. Kxa2 a4 15. Kb2 h6 16. Bh4 Qe6 17. Bc4 d5 18. exd5 Qd6 19. Ra1 axb3 20. Bxb3 Ra3 21. Qe5 Qb4 22. Qc3 Qd6 23. Bg3 Qa6 24. Rxa3 Qxa3+ 25. Kb1 Ne4 26. Qb2 Qa6 27. Re1 Ba3 28. Qd4 Nc5 29. Nd2 Ra8 30. Qa1 Qa5 31. Bf4 Qb5 32. Qc3 Bb4 33. Qb2 Qa5 34. Nc4 Qa6 35. Rd1 Ne4 36. Be5 f6 37. Bd4 c5 38. dxc6 bxc6 39. c3 Be7 40. f3 c5 41. Nb6+ 1-0


[Site "https://www.chess.com"]

[Event "Titled Tuesday Blitz August 1 Early 2023"]
[White "FuenfgegenWilly"]
[Black "Kim, Yoon-Young"]
[BlackFideId "30908779"]
[WhiteElo "2402"]
[BlackElo "2714"]
[Result "1-0"]
[Round "1"]
[TimeControl "180+1"]
[Date "2023.08.01"]
[WhiteClock "0:01:26"]
[BlackClock "0:00:05"]
[Board "103"]

1. e4 e5 2. Nc3 Nf6 3. f4 d5 4. fxe5 Nxe4 5. Nf3 Bc5 6. d4 Bb4 7. Bd3 Bg4 8. O-O Nc6 9. Ne2 Be7 10. h3 Bh5 11. Nf4 Bg6 12. c3 Ng3 13. Re1 Bxd3 14. Qxd3 Qd7 15. e6 fxe6 16. Nxe6 Ne4 17. Nxg7+ Kd8 18. Rxe4 dxe4 19. Qxe4 Kc8 20. Bf4 Bd6 21. Bxd6 Qxg7 22. Bh2 Rg8 23. g4 Qg6 24. Qf4 Qg7 25. d5 Rf8 26. Qg3 Nd8 27. Rd1 b6 28. d6 Kb7 29. Ne5 cxd6 30. Rxd6 Qc7 31. Rd7 Ne6 32. Rxc7+ Nxc7 33. Nd7 Rf7 34. Qg2+ Kc8 35. Bxc7 1-0


[Site "https://www.chess.com"]

[Event "Titled Tuesday Blitz August 1 Early 2023"]
[White "Fiorito, Joaquin"]
[Black "JonSnowNW1"]
[WhiteFideId "180173"]
[WhiteElo "2714"]
[BlackElo "2401"]
[Result "1-0"]
[Round "1"]
[TimeControl "180+1"]
[Date "2023.08.01"]
[WhiteClock "0:00:25"]
[BlackClock "0:00:00"]
[Board "104"]

1. d4 d5 2. Nc3 Nf6 3. Bf4 c6 4. e3 Nbd7 5. Bd3 e6 6. Nf3 b5 7. O-O a5 8. Ne2 Be7 9. Ng3 Qb6 10. e4 dxe4 11. Nxe4 Nxe4 12. Bxe4 Nf6 13. Bd3 Bb7 14. Qe2 O-O 15. Rfe1 c5 16. dxc5 Bxc5 17. Be5 Ng4 18. Bxh7+ Kh8 19. Ng5 f5 20. Bg3 Be7 21. Nxe6 Kxh7 22. Nxf8+ Bxf8 23. h3 Nf6 24. Qe5 Bc5 25. Qxf5+ Kg8 26. Re6 Bc6 27. Rae1 Bd4 28. Be5 Bxe5 29. Qxe5 Qb7 30. Qg5 Rf8 31. Re7 Rf7 32. Rxb7 Rxb7 33. Re6 1-0


[Site "https://www.chess.com"]

[Event "Titled Tuesday Blitz August 1 Early 2023"]
[White "Rodriguez Fontecha, Marcos"]
[Black "Ardelean, George-Catalin"]
[WhiteFideId "2256576"]
[BlackFideId "1207091"]
[WhiteElo "2401"]
[BlackElo "2712"]
[Result "1/2-1/2"]
[Round "1"]
[TimeControl "180+1"]
[Date "2023.08.01"]
[WhiteClock "0:00:17"]
[BlackClock "0:00:31"]
[Board "105"]

1. e4 d5 2. exd5 Qxd5 3. Nc3 Qd6 4. d4 c6 5. Nge2 Nf6 6. Bf4 Qd8 7. g3 Be6 8. Bg2 Nbd7 9. O-O Nb6 10. Be5 Nc4 11. Nf4 Bf5 12. b3 Nxe5 13. dxe5 Qxd1 14. Raxd1 Nd7 15. e6 fxe6 16. Rfe1 e5 17. Nd3 g6 18. Ne4 O-O-O 19. a4 Bh6 20. a5 a6 21. Nb2 Nf6 22. Rxd8+ Rxd8 23. Nc4 Bxe4 24. Bxe4 Bd2 25. Re2 Bc3 26. Bd3 Rd5 27. Nb6+ Kc7 28. Nxd5+ cxd5 29. f3 Kd6 30. Kg2 Nd7 31. Rf2 Nc5 32. Rf1 Bxa5 33. h4 b5 34. h5 Nxd3 35. cxd3 Bc3 36. hxg6 hxg6 37. Rh1 Ke6 38. Rh6 Kf6 39. Rh8 a5 40. Ra8 e4 41. fxe4 dxe4 42. dxe4 Ke5 43. Kf3 Kd4 44. Rb8 Bb4 45. Rxb5 Kc3 46. Rg5 Kxb3 47. Rxg6 a4 48. Ra6 a3 49. Kf4 a2 50. Rxa2 Kxa2 51. Kf5 Kb3 52. Ke6 Kc4 53. g4 Kd4 54. g5 Kxe4 55. g6 Bc3 56. Kxe7 Kf5 57. Kf7 Be5 58. g7 Bxg7 1/2-1/2


[Site "https://www.chess.com"]

[Event "Titled Tuesday Blitz August 1 Early 2023"]
[White "Klukin, Kirill"]
[Black "Kayis, Gulcan Sena"]
[WhiteFideId "24199273"]
[BlackFideId "34553045"]
[WhiteElo "2710"]
[BlackElo "2399"]
[Result "1-0"]
[Round "1"]
[TimeControl "180+1"]
[Date "2023.08.01"]
[WhiteClock "0:00:23"]
[BlackClock "0:00:00"]
[Board "106"]

1. c4 Nf6 2. Nc3 c6 3. d4 d5 4. Nf3 e6 5. e3 Nbd7 6. Qc2 Be7 7. Bd3 dxc4 8. Bxc4 b5 9. Be2 Bb7 10. O-O O-O 11. Rd1 Qc7 12. Nxb5 Qb6 13. Nc3 c5 14. Na4 Qc6 15. Nxc5 Nxc5 16. dxc5 Bxc5 17. Bd2 Rac8 18. Rac1 Ne4 19. Be1 Qb6 20. Qb3 Qxb3 21. axb3 Bb6 22. Ne5 Rxc1 23. Rxc1 Rd8 24. Nc4 Bc5 25. b4 Be7 26. Na5 Bd5 27. f3 Nf6 28. e4 Ba8 29. Nc6 Bxc6 30. Rxc6 Rb8 31. b5 h6 32. Bf2 Rd8 33. Be3 e5 34. Kf2 Bb4 35. Rc7 Nd7 36. Rxa7 f6 37. Rc7 Kf8 38. Bc4 Ke8 39. Bd5 Rb8 40. Bc6 1-0


[Site "https://www.chess.com"]

[Event "Titled Tuesday Blitz August 1 Early 2023"]
[White "Bazilius, Augustinas"]
[Black "Zhao, Jun"]
[WhiteFideId "12832251"]
[BlackFideId "8602522"]
[WhiteElo "2397"]
[BlackElo "2710"]
[Result "0-1"]
[Round "1"]
[TimeControl "180+1"]
[Date "2023.08.01"]
[WhiteClock "0:00:02"]
[BlackClock "0:00:10"]
[Board "107"]

1. d4 Nf6 2. c4 g6 3. Nc3 Bg7 4. e4 O-O 5. h3 d6 6. Be3 a6 7. g4 c6 8. Bg2 b5 9. cxb5 axb5 10. e5 Nfd7 11. exd6 exd6 12. Nge2 d5 13. O-O Re8 14. Ng3 Nf8 15. Qd2 Nbd7 16. Rfe1 Ne6 17. f4 Nb6 18. b3 Qd6 19. Qf2 b4 20. Nce2 Ba6 21. f5 Nc7 22. Bf4 Qd7 23. h4 Bxe2 24. Nxe2 Nb5 25. h5 gxh5 26. Bg5 h6 27. Bh4 hxg4 28. f6 Bf8 29. Ng3 Rxe1+ 30. Rxe1 Re8 31. Re5 Rxe5 32. dxe5 d4 33. Be4 d3 34. Qxb6 d2 35. Bc2 d1=Q+ 36. Bxd1 Qxd1+ 37. Kh2 Nd4 38. e6 Qd2+ 39. Kg1 Nf3+ 40. Kf1 Qe1+ 41. Kg2 Nxh4+ 42. Kh2 Qd2+ 43. Kh1 Qg2# 0-1


[Site "https://www.chess.com"]

[Event "Titled Tuesday Blitz August 1 Early 2023"]
[White "Oleksiyenko, Mykhaylo"]
[Black "Mika, Tomasz"]
[WhiteFideId "4152417"]
[BlackFideId "1132970"]
[WhiteElo "2709"]
[BlackElo "2396"]
[Result "1-0"]
[Round "1"]
[TimeControl "180+1"]
[Date "2023.08.01"]
[WhiteClock "0:00:25"]
[BlackClock "0:00:06"]
[Board "108"]

1. e4 c6 2. Nf3 d5 3. Nc3 Bg4 4. h3 Bxf3 5. Qxf3 Nf6 6. g3 dxe4 7. Nxe4 Nxe4 8. Qxe4 Qd5 9. d3 e6 10. Bg2 Nd7 11. O-O Qxe4 12. dxe4 Be7 13. a4 O-O-O 14. a5 a6 15. c3 Nc5 16. Be3 Rd7 17. b4 Nd3 18. Rfd1 Bf6 19. Bf1 Ne5 20. f4 Rxd1 21. Rxd1 Nd7 22. e5 Bd8 23. Bg2 Bc7 24. h4 h5 25. c4 g6 26. b5 axb5 27. cxb5 cxb5 28. Bxb7+ Kxb7 29. Rxd7 Kc6 30. Rxf7 Bxa5 31. Rf6 Kd5 32. Rxg6 b4 33. Rg7 Rb8 34. Rd7+ Ke4 35. Kf2 Bb6 36. Bxb6 Rxb6 37. Rd6 Rb7 38. Rd2 b3 39. Rb2 Kd3 40. Kf3 Kc3 41. Rb1 b2 42. f5 exf5 43. Kf4 Rf7 44. e6 Rf8 45. Ke5 Kc2 46. Rf1 b1=Q 47. Rxb1 Kxb1 48. e7 Rg8 49. Kxf5 Kc2 50. Kf6 Kd3 51. Kf7 Ra8 52. e8=Q Rxe8 53. Kxe8 Ke4 54. Kf7 Kf5 55. Kg7 Kg4 56. Kh6 Kxg3 57. Kxh5 Kf4 58. Kg6 Ke5 59. h5 Ke6 60. h6 1-0


[Site "https://www.chess.com"]

[Event "Titled Tuesday Blitz August 1 Early 2023"]
[White "Hoffmann, Asa"]
[Black "Alamzhi21"]
[WhiteFideId "2001470"]
[WhiteElo "2395"]
[BlackElo "2707"]
[Result "0-1"]
[Round "1"]
[TimeControl "180+1"]
[Date "2023.08.01"]
[WhiteClock "0:00:24"]
[BlackClock "0:01:07"]
[Board "109"]

1. d4 Nf6 2. Bg5 c5 3. d5 g6 4. Nc3 Bg7 5. Qd2 a6 6. a4 d6 7. e4 O-O 8. Bh6 e6 9. dxe6 Bxe6 10. h4 d5 11. Bxg7 Kxg7 12. e5 Ne4 13. Nxe4 dxe4 14. Qxd8 Rxd8 15. Ne2 Nc6 16. Nc3 Bf5 17. Be2 Nxe5 18. O-O Rd2 19. Rfc1 Rad8 20. a5 h5 21. Ra4 R8d4 22. Kf1 Nc6 23. Ke1 Rxa4 24. Nxa4 Rd5 25. c4 Re5 26. Nc3 Nxa5 27. Rd1 Nb3 28. Rd6 Nd4 29. Rb6 Bc8 30. Kd2 f5 31. g3 Re6 32. Nd5 Rxb6 33. Nxb6 Be6 34. Bd1 Kf6 35. Kc3 Ke5 36. b4 cxb4+ 37. Kxb4 f4 38. Na4 fxg3 39. fxg3 e3 40. Nc5 e2 41. Nd3+ Ke4 0-1


[Site "https://www.chess.com"]

[Event "Titled Tuesday Blitz August 1 Early 2023"]
[White "Ilkhomi, Jaloliddin"]
[Black "Dishman, Stephen"]
[WhiteFideId "14700948"]
[BlackFideId "403024"]
[WhiteElo "2707"]
[BlackElo "2394"]
[Result "1-0"]
[Round "1"]
[TimeControl "180+1"]
[Date "2023.08.01"]
[WhiteClock "0:02:36"]
[BlackClock "0:00:54"]
[Board "110"]

1. Nf3 d5 2. d4 Nf6 3. Bf4 c5 4. e3 Nc6 5. c3 Qb6 6. Qc2 Bf5 7. dxc5 Bxc2 8. cxb6 Bxb1 9. Rxb1 axb6 10. a3 e6 11. Bb5 Be7 12. Ne5 Rc8 13. Nxc6 bxc6 14. Ba6 Kd7 15. Bxc8+ Rxc8 16. Bg5 h6 17. Bxf6 Bxf6 18. Kd2 Ra8 19. h4 Ra4 20. g3 h5 21. Rbg1 g6 22. f3 c5 23. g4 hxg4 24. Rxg4 d4 25. cxd4 cxd4 26. Kd3 e5 27. exd4 exd4 28. h5 g5 29. h6 Ke6 30. h7 Ra8 31. Rh6 Kf5 32. a4 Bg7 33. Rxb6 Rxa4 34. Rb8 1-0


[Site "https://www.chess.com"]

[Event "Titled Tuesday Blitz August 1 Early 2023"]
[White "Mikhalsky, Vladimir"]
[Black "Schnaider, Ilan"]
[WhiteFideId "14144352"]
[BlackFideId "169013"]
[WhiteElo "2392"]
[BlackElo "2706"]
[Result "0-1"]
[Round "1"]
[TimeControl "180+1"]
[Date "2023.08.01"]
[WhiteClock "0:00:00"]
[BlackClock "0:00:13"]
[Board "111"]

1. d4 d5 2. c4 c6 3. Nf3 Nf6 4. g3 g6 5. Bg2 Bg7 6. O-O O-O 7. Nc3 Bf5 8. Qb3 Qb6 9. c5 Qa6 10. Re1 Nbd7 11. Bf1 b5 12. Bf4 Qb7 13. a4 a6 14. Nh4 Nh5 15. Nxf5 gxf5 16. e3 Nxf4 17. gxf4 Rfe8 18. Kh1 Kh8 19. Bd3 e6 20. Rg1 Nf6 21. f3 Rg8 22. a5 Qe7 23. Qc2 Nd7 24. Qf2 Bf6 25. Na2 Bh4 26. Qf1 Rxg1+ 27. Qxg1 Rg8 28. Qf1 Bg3 29. Rd1 Qh4 30. Rd2 Be1 31. Rg2 Bxa5 32. b4 Bc7 33. Nc1 a5 34. bxa5 Bxa5 35. Nb3 Bc7 36. Nc1 Nf8 37. Ne2 Ng6 38. Ng3 Ra8 39. Rb2 Qd8 40. Qh3 Ra1+ 41. Rb1 Qa8 42. Qf1 Ra2 43. Nh5 Rd2 44. Rd1 Qa2 45. Rxd2 Qxd2 46. Qe2 Qc1+ 47. Kg2 b4 48. Kg3 Qg1+ 49. Kh3 Qa1 50. Ng3 Bxf4 51. Nxf5 exf5 52. Bxf5 Bc7 0-1


[Site "https://www.chess.com"]